 Dungeon Crawl Stone Soup version 0.27.1-1-g398f81649c (webtiles) character file.

Game seed: 14858890506334506715

220 pkoi the Covered (level 5, -1/47 HPs)
             Began as a Minotaur Fighter on Sept 22, 2021.
             Slain by a bullfrog (2 damage)
             ... in a sewer.
             The game lasted 00:03:20 (2978 turns).

pkoi the Covered (Minotaur Fighter)                 Turns: 2978, Time: 00:03:21

Health: -1/47      AC:  7    Str: 22    XL:     5   Next: 64%
Magic:  4/4        EV:  7    Int:  5    God:
Gold:   117        SH:  9    Dex:  9    Spells: 4/4 levels left

rFire    . . .     SeeInvis .   j - +0 short sword (venom)
rCold    . . .     Faith    .   c - +0 kite shield
rNeg     . . .     Spirit   .   b - +0 scale mail
rPois    .         Reflect  .   (helmet restricted)
rElec    .         Harm     .   (no cloak)
rCorr    .         Rampage  .   (no gloves)
Will     .....                  (no boots)
Stlth    ..........             (no amulet)
HPRegen  0.15/turn              m - ring of flight
MPRegen  0.09/turn              (no ring)

@: flying
A: horns 2, retaliatory headbutt
a: no special abilities


You were in a sewer.
You visited 1 branch of the dungeon, and saw 3 of its levels.
You also visited: Sewer.

You collected 117 gold pieces.

Inventory:

Hand Weapons
 a - a +0 long sword
 j - a +0 short sword of venom (weapon)
Missiles
 k - 12 poisoned darts (quivered)
Armour
 b - a +0 scale mail (worn)
 c - a +0 kite shield (worn)
Jewellery
 m - a ring of flight (left hand)
Scrolls
 e - a scroll of teleportation {unknown}
 f - a scroll of holy word {unknown}
 h - a scroll of identify {unknown}
 n - a scroll of amnesia {unknown}
Potions
 d - a potion of might
 g - 2 potions of magic {unknown}
 i - 2 potions of heal wounds {unknown}
 l - a potion of cancellation {unknown}


   Skills:
 + Level 4.6 Fighting
 * Level 4.8 Long Blades
 + Level 4.8 Armour
 + Level 4.7 Shields


You had 4 spell levels left.
You didn't know any spells.
Your spell library was empty.

Dungeon Overview and Level Annotations

Branches:
Dungeon (3/15)              Sewer (1/1)

Altars:

Shops:
D:2 =


Innate Abilities, Weirdness & Mutations

You have a pair of horns on your head.
You reflexively headbutt those who attack you in melee.


Message History

The bullfrog hits you but does no damage. x2
You hit the bullfrog.
The bullfrog is poisoned.
The bullfrog is lightly wounded.
You block the endoplasm's attack.
The bullfrog hits you but does no damage.
The bullfrog barely misses you. The endoplasm freezes you.
You are frozen.
The bullfrog hits you but does no damage.
You block the bullfrog's attack.
You closely miss the bullfrog. Your headbutt misses the bullfrog.
The bullfrog is lightly wounded.
The bullfrog hits you.
* * * LOW HITPOINT WARNING * * *
The bullfrog hits you!
* * * LOW HITPOINT WARNING * * *
The endoplasm barely misses you.
You closely miss the bullfrog.
The bullfrog is lightly wounded.
You block the bullfrog's attack.
The bullfrog snags a nearby baby bat with its tongue.
The bullfrog hits you but does no damage.
The bullfrog closely misses you.
The endoplasm splashes around in the water.
The bullfrog hits you.
* * * LOW HITPOINT WARNING * * *
You puncture the bullfrog!
The bullfrog looks as sick as possible!
The bullfrog is heavily wounded.
You block the bullfrog's attack. The bullfrog hits you.
* * * LOW HITPOINT WARNING * * *
The endoplasm freezes you.
You are frozen.
* * * LOW HITPOINT WARNING * * *
The bullfrog hits you.
* * * LOW HITPOINT WARNING * * *
The bullfrog completely misses you.
Unknown command.
The bullfrog hits you but does no damage.
The bullfrog hits you.
You die...

##≈≈≈≈≈≈.#≈∩≈#######≈≈≈####
#≈≈≈≈≈####≈≈≈≈≈≈..#≈≈≈≈...##
≈≈≈≈###≈≈≈≈≈≈≈≈...##≈≈#≈≈≈≈##
≈.≈##≈≈.≈≈#######≈†#≈†##≈≈.≈#
≈.##.÷÷÷###≈≈..≈#††##≈†##≈≈≈##
≈.#.≈≈≈##≈≈≈.≈≈≈≈.≈≈#≈≈≈#.≈≈≈#
.##..≈##≈≈≈≈≈.≈≈.≈≈≈#≈≈.##†≈≈##
≈#.≈≈≈# ≈≈≈≈.≈≈JF≈≈≈#≈≈.≈#.≈≈.#
≈#.≈≈.# ≈≈≈≈≈..F@.≈≈#≈≈≈≈#.≈.∩#
≈#.≈≈≈# ≈≈≈≈.$[?.≈≈≈#≈≈≈.#≈≈≈.#
≈##≈≈≈##≈≈≈≈≈≈..≈≈≈##≈≈≈##≈≈.##
≈≈#.≈≈†##≈≈≈≈≈.≈≈≈##≈≈≈.#≈.≈≈#
≈.##≈≈≈≈###≈≈≈≈≈###≈≈≈≈##≈≈≈##
≈≈.##≈≈≈..#######.≈≈≈≈##≈...#
≈.≈.###≈≈≈≈≈†≈†.≈≈.≈###≈≈.≈##
#≈≈≈..####≈≈†≈.≈≈####≈†.≈≈##
##≈.≈.≈≈≈#########≈≈≈†..≈##


You could see 2 bullfrogs and an endoplasm.

Vanquished Creatures
  8 adders
  A river rat (D:3)
  A worm (D:3)
  4 dart slugs
  15 endoplasms
  15 giant cockroaches
  5 goblins
  4 hobgoblins
  8 jackals
  4 kobolds
  16 quokkas
  15 ball pythons
  6 bats
  10 frilled lizards
  5 rats
117 creatures vanquished.

Notes
Turn   | Place    | Note
-------+----------+-------------------------------------------
     0 | D:1      | pkoi the Minotaur Fighter began the quest for the Orb.
     0 | D:1      | Reached XP level 1. HP: 19/19 MP: 0/0
   101 | D:1      | Reached XP level 2. HP: 27/27 MP: 1/1
   494 | D:1      | Reached XP level 3. HP: 28/33 MP: 2/2
  1132 | D:2      | Found a faded altar of an unknown god.
  1294 | D:2      | Reached XP level 4. HP: 34/40 MP: 3/3
  1632 | D:2      | Found Xefimosch's Jewellery Boutique.
  1931 | D:3      | Found a glowing drain.
  1953 | Sewer    | Entered a sewer
  2139 | Sewer    | Reached XP level 5. HP: 43/47 MP: 4/4
  2977 | Sewer    | HP: 2/47 [frozen (2)]
  2978 | Sewer    | Slain by a bullfrog

Illustrated notes

Levels and vault maps discovered:
D:1:      dpeg_arrival_shelter, layout_loops_corners, minmay_misc_feat_alley,
          minmay_cupped
D:2:      layout_basic, hellmonk_ecumenical_altar_heavens_door, serial_shops,
          nicolae_shop_statue_plus, minmay_misc_feat_chi, minmay_split_cup_large
D:3:      layout_rooms, old_standard_altar, cheibrodos_sewer_entry_sluice
Sewer:    sewer_frog_island_02

Skill      XL: |  1  2  3  4 |
---------------+-------------+-----
Long Blades    | 3 4 |  4.8
Armour         | 4 |  4.8
Fighting       | 4 |  4.6
Shields        | 4 |  4.7

Action                   |  1- 3 |  4- 6 || total
-------------------------+-------+-------++-------
Melee: Long sword        |   102 |     5 ||   107
       Headbutt          |    14 |    22 ||    36
       Short sword       |       |   176 ||   176
Armor: Scale mail        |    52 |    83 ||   135
Dodge: Dodged            |    38 |    54 ||    92
Block: Kite shield       |    41 |   107 ||   148
       Rpst.: Long sword |    14 |       ||    14
